 Dungeon Crawl Stone Soup version 0.19-a0-1182-g094b998 (webtiles) character file.

172 JeffiDaFish the Firebug (level 5, -3/29 HPs)
             Began as a Tengu Fire Elementalist on Aug 17, 2016.
             Slain by a sky beast (5 damage)
             ... on level 3 of the Dungeon.
             The game lasted 00:26:04 (2728 turns).

JeffiDaFish the Firebug (Tengu Fire Elementalist)   Turns: 2728, Time: 00:26:06

Health: -3/29      AC:  6    Str:  7 (8)  XL:     5   Next: 52%
Magic:  5/10       EV: 13    Int: 15 (16) God:
Gold:   111        SH:  0    Dex: 14 (15) Spells: 4 memorised, 2 levels left

rFire  . . .     SeeInvis .     f - +1 short sword
rCold  . . .     Gourm    .     a - +1 robe
rNeg   . . .     Faith    .     (no shield)
rPois  .         Spirit   .     (helmet restricted)
rElec  .         Dismiss  .     d - +2 cloak
rCorr  .         Reflect  .     (no gloves)
MR     .....     Harm     .     (boots unavailable)
Stlth  ++........               l - amulet of rage
                                (no ring)
                                (no ring)

@: no status effects
A: beak, talons 3, able to fly 1
a: Fly, Evoke Berserk Rage


You were on level 3 of the Dungeon.
You were very hungry.

You visited 1 branch of the dungeon, and saw 4 of its levels.

You collected 111 gold pieces.

Inventory:

Hand Weapons
 f - a +1 short sword (weapon)
Missiles
 j - 4 curare-tipped needles (quivered)
Armour
 a - a +1 robe (worn)
 d - a +2 cloak (worn)
Jewellery
 l - an amulet of rage (around neck)
Wands
 n - a wand of paralysis (21/24)
Scrolls
 i - 5 scrolls of identify
 m - a scroll of teleportation
Potions
 e - a potion of flight
 h - a potion of agility
 r - a potion of haste {unknown}
Books
 b - a book of Flames

   Spells                             Type                      Level
   a - Flame Tongue                   Conjuration/Fire             1
   b - Throw Flame                    Conjuration/Fire             2
   c - Conjure Flame                  Conjuration/Fire             3
   d - Inner Flame                    Hexes/Fire                   3
   e - Sticky Flame                   Conjuration/Fire             4
   f - Fireball                       Conjuration/Fire             5
 g - a Young Poisoner's Handbook

   Spells                             Type                      Level
   a - Sting                          Conjuration/Poison           1
   b - Mephitic Cloud                 Conjuration/Poison/Air       3
   c - Olgreb's Toxic Radiance        Poison                       4
   d - Alistair's Intoxication        Transmutation/Poison         5
   e - Venom Bolt                     Conjuration/Poison           5
 o - a book of Burglary

   Spells                             Type                      Level
   a - Swiftness                      Charms/Air                   2
   b - Passwall                       Transmutation/Earth          2
   c - Passage of Golubria            Translocation                4
   d - Lee's Rapid Deconstruction     Earth                        5
   e - Darkness                       Hexes                        6
   f - Invisibility                   Hexes                        6
Comestibles
 c - a bread ration
 k - a beef jerky
 q - 4 meat rations


   Skills:
 + Level 1.1 Fighting
 + Level 3.4 Dodging
 + Level 2.8 Stealth
 * Level 3.0 Spellcasting
 + Level 2.6 Conjurations
 + Level 4.0 Fire Magic


You had 2 spell levels left.
You knew the following spells:

 Your Spells              Type           Power        Failure   Level  Hunger
a - Flame Tongue          Conj/Fire      ##...        6%          1    #......
b - Throw Flame           Conj/Fire      ##....       10%         2    ##.....
c - Conjure Flame         Conj/Fire      ##......     17%         3    ###....
d - Swiftness             Chrm/Air       #.......     34%         2    ##.....


Dungeon Overview and Level Annotations

Branches:
Dungeon (4/15)
 Temple: D:4-7

Altars:
Yredelemnul


Innate Abilities, Weirdness & Mutations

You have a beak for a mouth.
You have claws for feet.
You can fly.


Message History

The curare-tipped needle hits the sky beast.
The sky beast is lightly wounded.
Tossing away (i - inventory):
j - 6 curare-tipped needles (quivered)
Press: ? - help, Shift-Dir - straight line, f/p - sky beast
Aim: a sky beast (lightly wounded)
You toss away a curare-tipped needle.
The curare-tipped needle hits the sky beast.
The sky beast is lightly wounded.
The sky beast hits you but does no damage.
Unknown command.
Tossing away (i - inventory):
j - 5 curare-tipped needles (quivered)
Press: ? - help, Shift-Dir - straight line, f/p - sky beast
Aim: a sky beast (lightly wounded)
You toss away a curare-tipped needle.
The curare-tipped needle closely misses the sky beast.
The sky beast hits you but does no damage.
The sky beast hits you.
* * * LOW HITPOINT WARNING * * *
The sky beast shocks you.
You die...

##....♣♣P≈P♣ #.#.##P≈♣♣ #.
...♣♣♣♣♣P≈P♣♣♣♣♣#[#.#≈≈≈≈P♣ #.
###≈♣≈♣≈≈.≈P♣♣.P#...≈P≈≈≈≈♣♣♣♣##.
....≈≈≈≈≈≈.≈≈≈≈....♣≈≈≈≈≈≈≈≈♣♣≈..
.##♣♣♣P≈≈.≈≈♣.♣..#P≈≈≈≈≈≈≈≈≈≈≈♣≈.
.[.♣♣♣♣♣≈≈♣♣♣♣♣♣.♣P≈≈P≈≈≈≈≈≈≈≈≈≈≈
....♣♣.♣♣≈♣♣..♣..♣≈≈≈≈≈≈≈≈≈≈≈≈≈≈≈
.......♣≈≈♣♣♣......≈≈≈≈≈≈≈≈≈≈≈PP≈
.......♣≈.P♣....@Y.(...(.........
.......♣..♣♣.....♣.≈≈≈≈≈≈≈≈≈≈≈≈≈≈
....#.#.........♣P.≈≈≈≈≈≈P≈≈≈≈≈≈≈
####......#####≈♣≈.P≈≈≈♣♣♣P≈≈≈≈≈≈
..##...(..# ♣♣≈≈.≈≈≈♣♣ ♣♣♣≈≈≈≈≈
#.##......# ♣P≈.≈≈≈♣ ♣≈≈P≈≈
......##### ♣≈≈.≈≈≈♣ ♣≈≈P≈≈
#.###.# #♣≈≈.≈≈P♣ ♣≈≈≈P≈
....###########≈♣P.≈≈≈# .....♣≈♣


You could see a sky beast.

Vanquished Creatures
  Ijyb (D:2)
  Robin (D:2)
  7 adders (D:2)
  A worm (D:1)
  A dart slug (D:1)
  2 orcs (D:3)
  5 giant cockroaches
  9 goblins
  7 hobgoblins (D:2)
  4 jackals (D:2)
  A quokka (D:2)
  4 ball pythons (D:2)
  8 bats
  A giant newt (D:2)
  7 kobolds
  9 rats
68 creatures vanquished.

Notes
Turn   | Place    | Note
-------+----------+-------------------------------------------
     0 | D:1      | JeffiDaFish the Tengu Fire Elementalist began the quest for the Orb.
     0 | D:1      | Reached XP level 1. HP: 10/10 MP: 4/4
    57 | D:1      | Gained mutation: You are resistant to hostile enchantments. (MR+) [potion of mutation]
    57 | D:1      | Gained mutation: Your movements are slightly less encumbered by armour. (ER -2) [potion of mutation]
    57 | D:1      | Gained mutation: Your muscles are strong. (Str +2) [potion of mutation]
   128 | D:1      | Reached XP level 2. HP: 11/15 MP: 0/6
   712 | D:2      | Reached XP level 3. HP: 19/19 MP: 3/7
   716 | D:2      | Noticed Robin
   741 | D:2      | Killed Robin
   970 | D:2      | Reached XP level 4. HP: 19/24 MP: 0/8
  1130 | D:2      | Learned a level 2 spell: Throw Flame
  1134 | D:2      | Learned a level 3 spell: Conjure Flame
  1440 | D:2      | Gained mutation: You can fly. [Tengu growth]
  1440 | D:2      | Reached XP level 5. HP: 28/28 MP: 4/10
  1468 | D:2      | Noticed Ijyb
  1481 | D:2      | Killed Ijyb
  1481 | D:2      | Reached skill level 1 in Fighting
  1489 | D:2      | Lost mutation: Your movements are slightly less encumbered by armour. (ER -2) [potion of cure mutation]
  1489 | D:2      | Lost mutation: Your muscles are strong. (Str +2) [potion of cure mutation]
  1489 | D:2      | Lost mutation: You are resistant to hostile enchantments. (MR+) [potion of cure mutation]
  1646 | D:2      | Reached skill level 4 in Fire Magic
  2296 | D:3      | Learned a level 2 spell: Swiftness
  2296 | D:3      | Found a basalt altar of Yredelemnul.
  2653 | D:3      | Noticed a sky beast
  2692 | D:4      | Noticed an ogre
  2707 | D:3      | HP: 1/29 [sky beast (5)]
  2728 | D:3      | Slain by a sky beast

Vault maps used:
D:1:      evilmike_arrival_run_for_it
D:2:      minmay_snake_closets, uniq_iyjb, uniq_robin
D:3:      lemuel_crystal_altar, serial_bayou, serial_bayou_shore_b,
          serial_bayou_lagoon_b, serial_bayou_pond_d, serial_bayou_crossing
D:4:      minmay_opposing_rooms, kennysheep_mini_moat,
          gammafunk_temple_overflow_statue, grunt_temple_overflow_open,
          first_bread

Skill      XL: |  1  2  3  4  5 |
---------------+----------------+-----
Dodging        | 3 |  3.4
Conjurations   | 2 |  2.6
Fighting       | 1 |  1.1
Fire Magic     | 4 |  4.0
Spellcasting   | 3 |  3.0
Stealth        | |  2.8

Action                   |  1- 3 |  4- 6 || total
-------------------------+-------+-------++-------
Melee: Short sword       |    57 |    38 ||    95
       Kick              |    12 |     5 ||    17
       Peck              |     6 |     2 ||     8
 Cast: Flame Tongue      |    36 |    45 ||    81
       Throw Flame       |       |     5 ||     5
       Swiftness         |       |     2 ||     2
Evoke: Wand              |       |     1 ||     1
  Use: Scroll            |     3 |     4 ||     7
       Potion            |     3 |     7 ||    10
 Stab: Sleeping          |     2 |     6 ||     8
  Eat: Chunk             |     1 |     5 ||     6
Armor: Robe              |    22 |    21 ||    43
Dodge: Dodged            |    56 |    38 ||    94
